 Dungeon Crawl Stone Soup version 0.29-a0-330-g52719c12eb (webtiles) character file.

Game seed: 18312045077267510269

54 tilp the Firebug (level 3, 0/28 HPs)
             Began as a Naga Fire Elementalist on May 3, 2022.
             Slain by an orc
             ... wielding a +0 flail
              (2 damage)
             ... on level 3 of the Dungeon.
             The game lasted 00:03:04 (1853 turns).

tilp the Firebug (Naga Fire Elementalist)           Turns: 1853, Time: 00:03:05

Health: 0/28       AC:  3    Str: 10    XL:     3   Next: 91%
Magic:  2/7        EV:  9    Int: 17    God:
Gold:   142        SH:  0    Dex: 11    Spells: 4/7 levels left

rFire   + . .      SeeInvis +   a - +0 hand axe (flame)
rCold   . . .      Faith    .   (no shield)
rNeg    . . .      Spirit   .   d - +0 robe
rPois   +          Reflect  .   (no helmet)
rElec   .          Harm     .   s - +0 cloak
rCorr   .          Rampage  .   (no gloves)
Will    .....                   (no barding)
Stlth   ++........              (no amulet)
HPRegen 0.09/turn               f - ring of fire
MPRegen 0.10/turn               c - ring of protection from cold

@: very slow
A: AC +1, large, see invisible, deformed body, poison resistance, slowness 2,
spit poison 1, naga tail 1
a: Spit Poison


You were on level 3 of the Dungeon.
You visited 1 branch of the dungeon, and saw 3 of its levels.

You collected 142 gold pieces.

Inventory:

Hand Weapons
 a - a +0 hand axe of flaming (weapon)
Missiles
 l - 4 poisoned darts (quivered)
 o - 43 stones
Armour
 d - a +0 robe (worn)
 j - a +0 ring mail
 s - a +0 cloak (worn)
Magical Staves
 n - a staff of earth
Jewellery
 c - a ring of protection from cold (right hand)
 f - a ring of fire (left hand)
 i - a ring of flight
Wands
 p - a wand of flame (21)
Scrolls
 t - 3 scrolls of blinking
Potions
 b - a potion of magic
 e - a potion of invisibility {unknown}
 g - 2 potions of degeneration {unknown}
 h - a potion of heal wounds {unknown}
 m - 3 potions of attraction {unknown}
 q - a potion of lignification {unknown}
 u - a potion of haste {unknown}


   Skills:
 - Level 1.5 Dodging
 - Level 3.0 Stealth
 + Level 2.7 Spellcasting
 + Level 2.2 Conjurations
 + Level 3.6 Fire Magic


You had 4 spell levels left.
You knew the following spells:

 Your Spells              Type           Power      Damage    Failure   Level
a - Foxfire               Conj/Fire      72%        2x1d7     5%          1
b - Scorch                Fire           44%        2d7       6%          2

Your spell library contained the following spells:

 Spells                   Type           Power      Damage    Failure   Level
 Conjure Flame            Conj/Fire      18%        6-21      16%         3
 Pain                     Necr           8%         1d4       19%         1
 Inner Flame              Hex/Fire       12%        N/A       26%         3
 Dazzling Flash           Conj/Hex       12%        N/A       34%         3
 Flame Wave               Conj/Fire      18%        2d6       47%         4
 Hailstorm                Conj/Ice       6%         3d4       75%         4
 Ice Form                 Ice/Tmut       2%         N/A       87%         4
 Agony                    Necr           2%         N/A       99%         5
 Excruciating Wounds      Necr           1%         N/A       99%         5
 Silence                  Hex/Air        1%         N/A       99%         5
 Simulacrum               Ice/Necr       1%         N/A       100%        6
 Summon Cactus Giant      Summ           1%         N/A       100%        6


Dungeon Overview and Level Annotations

Branches:
Dungeon (3/15)

Altars:


Innate Abilities, Weirdness & Mutations

Your serpentine skin is tough. (AC +1)
You have supernaturally acute eyesight. (SInv)
Armour fits poorly on your strangely shaped body.
Your system is resistant to poisons. (rPois)
You cover ground very slowly.
You can spit poison.
You have a snake-like lower body.


Message History

You kill the bat!
A dart slug comes into view.
The orc hits you with a +0 flail.
Unknown command.
Casting: Scorch (safe; 6% risk of failure)
Confirm with . or Enter, or press ? or * to list all spells.
You don't have enough magic to cast this spell.
Unknown command.
You hit the orc but do no damage. The orc hits you with a +0 flail!
Unknown command.
You barely miss the orc. You hit the orc but do no damage.
The orc hits you with a +0 short sword.
Unknown command.
You hit the orc. You burn the orc.
The orc is moderately wounded.
You hit the orc. You burn the orc. The orc barely misses you. x2
The orc hits you with a +0 short sword. The orc barely misses you.
The orc hits you but does no damage.
Unknown command.
You hit the orc. You burn the orc.
The orc is heavily wounded.
You closely miss the orc. x2; The orc hits you with a +0 flail.
The orc hits you but does no damage. The orc hits you with a +0 dagger.
Unknown command.
You hit the orc. You burn the orc.
The orc is severely wounded.
You barely miss the orc. You hit the orc but do no damage.
The orc closely misses you. The orc barely misses you.
The orc hits you with a +0 flail!
* * * LOW HITPOINT WARNING * * *
Unknown command.
You completely miss the orc.
The orc is severely wounded.
You hit the orc. You burn the orc.
You kill the orc!
You barely miss the orc. The orc hits you but does no damage.
The orc hits you with a +0 flail!
* * * LOW HITPOINT WARNING * * *
The orc hits you but does no damage. The orc hits you with a +0 flail.
You die...

.# .# ..#
...##
###+#.....
#...).$...
#.oo).....
#.@gw.....
##[#.#....
#.# .. .
#.# #..
#.# #. #..
.$. ...


You could see a dart slug, 2 orcs and a goblin.

Vanquished Creatures
  2 adders (D:2)
  2 worms (D:2)
  3 orcs (D:3)
  An endoplasm (D:2)
  2 giant cockroaches
  2 goblins (D:2)
  A hobgoblin (D:1)
  2 quokkas
  5 ball pythons
  6 bats
  3 frilled lizards
  2 rats
31 creatures vanquished.

Vanquished Creatures (others)
  34 foxfires
  5 plants (D:2)
39 creatures vanquished.

Grand Total: 70 creatures vanquished

Notes
Turn   | Place    | Note
-------+----------+-------------------------------------------
     0 | D:1      | tilp the Naga Fire Elementalist began the quest for the
                  | Orb.
     0 | D:1      | Reached XP level 1. HP: 15/15 MP: 3/3
   289 | D:1      | Found a faded altar of an unknown god.
   305 | D:1      | Reached XP level 2. HP: 17/22 MP: 0/5
   317 | D:1      | Learned a level 2 spell: Scorch
   941 | D:2      | Reached XP level 3. HP: 28/28 MP: 1/6
  1853 | D:3      | Slain by an orc

Illustrated notes

Levels and vault maps discovered:
D:1:      dpeg_arrival_rooms_a, layout_basic, chequers_ecumenical_altar_twisty
D:2:      layout_basic, serial_forest, infiniplex_forest_pool,
          infiniplex_forest_end_2, infiniplex_forest_lined_corner,
          infiniplex_forest_straight_2, infiniplex_forest_zigzag_2,
          infiniplex_forest_pool, infiniplex_forest_clump_medium,
          infiniplex_forest_end_2, infiniplex_forest_clump_small
D:3:      layout_basic, grunt_temple_overflow_diamond, st_stairs_9

Skill      XL: |  1  2  3 |
---------------+----------+-----
Conjurations   | 2 |  2.2
Dodging        | |  1.5
Stealth        | |  3.0
Spellcasting   | |  2.7
Fire Magic     | |  3.6

Action                   || total
-------------------------++-------
Melee: Short sword       ||     1
       Hand axe          ||    20
 Cast: Foxfire           ||    20
       Scorch            ||    16
  Use: Scroll            ||     6
Armor: Robe              ||    10
Dodge: Dodged            ||    12

Table legend: (Time is in decaauts)
 A = Elapsed time spent in this place.
 B = Non-inter-level travel time spent in this place.
 C = Inter-level travel time spent in this place.
 D = Time resting spent in this place.
 E = Time spent auto-exploring this place.
 F = Levels seen in this place.
 G = Mean time per level.
                   A        B        C        D        E       F      G
               +--------+--------+--------+--------+--------+-----+--------+
         Total |   2294 |   2225 |     69 |    174 |   1790 |   3 |  764.7 |
       Dungeon |   2294 |   2225 |     69 |    174 |   1790 |   3 |  764.7 |
               +--------+--------+--------+--------+--------+-----+--------+

Top non-repeatable levels by time:
     D:2: 1475 daAuts
     D:1: 806 daAuts
     D:3: 12 daAuts
